ITL
DETROIT X-WINGS @ INDIANA HOUNDS
06/07/2027
 
TOP OF THE 1ST
Detroit X-Wings batting - Pitching for Indiana Hounds : LHP Darren Blackwell
Pitching: LHP Darren Blackwell
Batting: RHB Júlio López 0-0: SINGLE (Line Drive, 6D)
Batting: RHB Gary Witt 0-0: Fly out, F4 (Flyball, 4D)
Batting: LHB Juan Colón 0-0: Foul Ball, location: 2F
0-1: Ball
1-1: Ball
2-1: SINGLE (Groundball, 56D)
Júlio López to second
Batting: RHB Jaime Contreras 0-0: Called Strike
0-1: Ball
1-1: Fly out, F7 (Flyball, 7)
Batting: RHB Jorge Castillo 0-0: Ball
1-0: Ball
2-0: Called Strike
2-1: Ball
3-1: Called Strike
3-2: Base on Balls
Júlio López to third
Juan Colón to second
Batting: RHB Enrique Aguilar 0-0: Fielders Choice at 2nd, 6-4 (Groundball, 6)
Top of the 1st over - 0 run(s), 2 hit(s), 0 error(s), 2 left on base; Detroit 0 - Indiana 0
BOTTOM OF THE 1ST
Indiana Hounds batting - Pitching for Detroit X-Wings : RHP Jorge Gómez
Pitching: RHP Jorge Gómez
Batting: RHB Howard Daniel 0-0: Foul Ball, location: 2F
0-1: Swinging Strike
0-2: Ball
1-2: Ball
2-2: Strikes out swinging
Batting: LHB Junior Coates 0-0: Ball
1-0: Fly out, F7 (Flyball, 7LM)
Batting: RHB Vicente Valentín 0-0: Ball
1-0: Foul Ball, location: 2F
1-1: Called Strike
1-2: Ball
2-2: Foul Ball, location: 2F
2-2: Ball
3-2: Foul Ball, location: 2F
3-2: Strikes out swinging
Bottom of the 1st over - 0 run(s), 0 hit(s), 0 error(s), 0 left on base; Detroit 0 - Indiana 0
TOP OF THE 2ND
Detroit X-Wings batting - Pitching for Indiana Hounds : LHP Darren Blackwell
Batting: LHB Sergio Luna 0-0: Called Strike
0-1: Ball
1-1: Ball
2-1: Called Strike
2-2: Strikes out looking
Batting: RHB Domingo Ávila 0-0: Ball
1-0: SOLO HOME RUN (Flyball, 78D), Distance : 394 ft
Batting: SHB Felipe Detorres 0-0: SINGLE (Groundball, 56D)
Batting: RHB Júlio López 0-0: Grounds into double play, 6-4-3 (Groundball, 56)
Top of the 2nd over - 1 run(s), 2 hit(s), 0 error(s), 0 left on base; Detroit 1 - Indiana 0
BOTTOM OF THE 2ND
Indiana Hounds batting - Pitching for Detroit X-Wings : RHP Jorge Gómez
Batting: RHB Carlos Moya 0-0: Called Strike
0-1: Ball
1-1: Ball
2-1: Foul Ball, location: 2F
2-2: Fly out, F8 (Flyball, 8LM)
Batting: RHB Jeff Jones 0-0: Called Strike
0-1: Foul Ball, location: 2F
0-2: Ground out 5-3 (Groundball, 56)
Batting: RHB Danny Walker 0-0: Called Strike
0-1: Fly out, F6 (Popup, 6)
Bottom of the 2nd over - 0 run(s), 0 hit(s), 0 error(s), 0 left on base; Detroit 1 - Indiana 0
TOP OF THE 3RD
Detroit X-Wings batting - Pitching for Indiana Hounds : LHP Darren Blackwell
Batting: RHB Gary Witt 0-0: Ball
1-0: Ground out 5-3 (Groundball, 56)
Batting: LHB Juan Colón 0-0: Ball
1-0: Ground out 6-3 (Groundball, 6)
Batting: RHB Jaime Contreras 0-0: Called Strike
0-1: Ball
1-1: Fly out, F7 (Line Drive, 7)
Top of the 3rd over - 0 run(s), 0 hit(s), 0 error(s), 0 left on base; Detroit 1 - Indiana 0
BOTTOM OF THE 3RD
Indiana Hounds batting - Pitching for Detroit X-Wings : RHP Jorge Gómez
Batting: RHB Paco Castillo 0-0: Called Strike
0-1: Ground out 6-3 (Groundball, 56)
Batting: RHB Doug Murray 0-0: Foul Ball, location: 2F
0-1: Swinging Strike
0-2: Ball
1-2: Ground out 6-3 (Groundball, 6)
Batting: RHB Octávio Marín 0-0: Ball
1-0: SINGLE (Line Drive, 4MD)
Batting: RHB Howard Daniel 0-0: Ball
1-0: Ball
2-0: Called Strike
2-1: Ball
3-1: Fielders Choice at 2nd, 6-4 (Groundball, 6)
Bottom of the 3rd over - 0 run(s), 1 hit(s), 0 error(s), 0 left on base; Detroit 1 - Indiana 0
TOP OF THE 4TH
Detroit X-Wings batting - Pitching for Indiana Hounds : LHP Darren Blackwell
Batting: RHB Jorge Castillo 0-0: Ball
1-0: Ball
2-0: Called Strike
2-1: Foul Ball, location: 2F
2-2: Foul Ball, location: 2F
2-2: Strikes out swinging
Batting: RHB Enrique Aguilar 0-0: DOUBLE (Flyball, 78XD)
Batting: LHB Sergio Luna 0-0: Foul Ball, location: 2F
0-1: Foul Ball, location: 2F
0-2: Strikes out swinging
Batting: RHB Domingo Ávila 0-0: Ball
1-0: Ball
2-0: Foul Ball, location: 2F
2-1: Ball
3-1: Ground out 4-3 (Groundball, 4M)
Top of the 4th over - 0 run(s), 1 hit(s), 0 error(s), 1 left on base; Detroit 1 - Indiana 0
BOTTOM OF THE 4TH
Indiana Hounds batting - Pitching for Detroit X-Wings : RHP Jorge Gómez
Batting: LHB Junior Coates 0-0: Called Strike
0-1: Ball
1-1: Ball
2-1: Swinging Strike
2-2: Ball
3-2: Ground out 4-3 (Groundball, 4M)
Batting: RHB Vicente Valentín 0-0: Ball
1-0: Fly out, F9 (Flyball, 89S)
Batting: RHB Carlos Moya 0-0: Ball
1-0: Fly out, F4 (Line Drive, 4M)
Bottom of the 4th over - 0 run(s), 0 hit(s), 0 error(s), 0 left on base; Detroit 1 - Indiana 0
TOP OF THE 5TH
Detroit X-Wings batting - Pitching for Indiana Hounds : LHP Darren Blackwell
Batting: SHB Felipe Detorres 0-0: Fly out, F9 (Flyball, 9S)
Batting: RHB Júlio López 0-0: Foul Ball, location: 2F
0-1: Ball
1-1: SINGLE (Line Drive, 89S)
Batting: RHB Gary Witt 0-0: Called Strike
0-1: Foul Ball, location: 2F
0-2: Fly out, F9 (Flyball, 9)
Batting: LHB Juan Colón 0-0: Fly out, F8 (Flyball, 8LD)
Top of the 5th over - 0 run(s), 1 hit(s), 0 error(s), 1 left on base; Detroit 1 - Indiana 0
BOTTOM OF THE 5TH
Indiana Hounds batting - Pitching for Detroit X-Wings : RHP Jorge Gómez
Batting: RHB Jeff Jones 0-0: Ball
1-0: Ball
2-0: Ball
3-0: Called Strike
3-1: Called Strike
3-2: SINGLE (Line Drive, 7S)
Batting: RHB Danny Walker 0-0: Ball
1-0: Foul Ball, location: 2F
1-1: Called Strike
1-2: Ball
2-2: Strikes out looking
Batting: RHB Paco Castillo 0-0: Foul Ball, location: 2F
0-1: Foul Ball, location: 2F
0-2: Foul Ball, location: 2F
0-2: Ball
1-2: SINGLE (Groundball, 34D)
Jeff Jones to second
Runner from 2nd tries for 3rd, SAFE, throw made to third
Paco Castillo to second
Batting: RHB Doug Murray 0-0: Foul Ball, location: 2F
0-1: Ball
1-1: Ball
2-1: Called Strike
2-2: Strikes out swinging
Batting: RHB Octávio Marín 0-0: Ball
1-0: Called Strike
1-1: Called Strike
1-2: Strikes out swinging
Bottom of the 5th over - 0 run(s), 2 hit(s), 0 error(s), 2 left on base; Detroit 1 - Indiana 0
TOP OF THE 6TH
Detroit X-Wings batting - Pitching for Indiana Hounds : LHP Darren Blackwell
Batting: RHB Jaime Contreras 0-0: Called Strike
0-1: Ball
1-1: Swinging Strike
1-2: Foul Ball, location: 2F
1-2: Strikes out swinging
Batting: RHB Jorge Castillo 0-0: SINGLE (Line Drive, 9LM)
Batting: RHB Enrique Aguilar 0-0: Ball
1-0: Ball
2-0: Foul Ball, location: 2F
2-1: Called Strike
2-2: Ground out 4-3 (Groundball, 4S)
Jorge Castillo to second
Batting: LHB Sergio Luna 0-0: Called Strike
0-1: Ball
1-1: Called Strike
1-2: Strikes out swinging
Top of the 6th over - 0 run(s), 1 hit(s), 0 error(s), 1 left on base; Detroit 1 - Indiana 0
BOTTOM OF THE 6TH
Indiana Hounds batting - Pitching for Detroit X-Wings : RHP Jorge Gómez
Batting: RHB Howard Daniel 0-0: Ball
1-0: Called Strike
1-1: Ball
2-1: Foul Ball, location: 2F
2-2: Strikes out swinging
Batting: LHB Junior Coates 0-0: Ball
1-0: Swinging Strike
1-1: Foul Ball, location: 2F
1-2: Strikes out swinging
Batting: RHB Vicente Valentín 0-0: Ball
1-0: Fly out, F9 (Flyball, 9)
Bottom of the 6th over - 0 run(s), 0 hit(s), 0 error(s), 0 left on base; Detroit 1 - Indiana 0
TOP OF THE 7TH
Detroit X-Wings batting - Pitching for Indiana Hounds : LHP Darren Blackwell
Batting: RHB Domingo Ávila 0-0: DOUBLE (Line Drive, 78M)
Batting: SHB Felipe Detorres 0-0: Foul Ball, location: 2F
0-1: Swinging Strike
0-2: SINGLE (Line Drive, 56D)
Domingo Ávila to third
Batting: RHB Júlio López 0-0: Foul Ball, location: 2F
0-1: Swinging Strike
0-2: Ball
1-2: Strikes out looking
Batting: RHB Gary Witt 0-0: Ball
1-0: Ball
2-0: Called Strike
2-1: Ball
3-1: Called Strike
3-2: Strikes out swinging
Felipe Detorres is caught stealing 2nd base
Batter strikes out.
Top of the 7th over - 0 run(s), 2 hit(s), 0 error(s), 1 left on base; Detroit 1 - Indiana 0
BOTTOM OF THE 7TH
Indiana Hounds batting - Pitching for Detroit X-Wings : RHP Jorge Gómez
Batting: RHB Carlos Moya 0-0: Ball
1-0: Swinging Strike
1-1: Swinging Strike
1-2: Ball
2-2: Strikes out swinging
Batting: RHB Jeff Jones 0-0: Fly out, F8 (Flyball, 8RM)
Batting: RHB Danny Walker 0-0: Called Strike
0-1: Ball
1-1: Foul Ball, location: 2F
1-2: Ground out 5-3 (Groundball, 56)
Bottom of the 7th over - 0 run(s), 0 hit(s), 0 error(s), 0 left on base; Detroit 1 - Indiana 0
TOP OF THE 8TH
Detroit X-Wings batting - Pitching for Indiana Hounds : LHP Darren Blackwell
Pitching: RHP Teddy Mathews
Batting: LHB Juan Colón 0-0: Ball
1-0: Called Strike
1-1: Called Strike
1-2: Ball
2-2: Strikes out swinging
Batting: RHB Jaime Contreras 0-0: Swinging Strike
0-1: Ball
1-1: Ball
2-1: Foul Ball, location: 2F
2-2: Ball
3-2: Strikes out swinging
Batting: RHB Jorge Castillo 0-0: Ground out 1-3 (Groundball, 15)
Top of the 8th over - 0 run(s), 0 hit(s), 0 error(s), 0 left on base; Detroit 1 - Indiana 0
BOTTOM OF THE 8TH
Indiana Hounds batting - Pitching for Detroit X-Wings : RHP Jorge Gómez
Now at 3B: Robby Lewis
Now in LF: Jeremy Cox
Batting: RHB Paco Castillo 0-0: Ball
1-0: Fly out, F5 (Popup, 56)
Batting: RHB Doug Murray 0-0: Called Strike
0-1: Ball
1-1: Ball
2-1: Fly out, F8 (Flyball, 8LXD)
Batting: RHB Octávio Marín 0-0: Foul Ball, location: 2F
0-1: Ball
1-1: Foul Ball, location: 2F
1-2: Foul Ball, location: 2F
1-2: Fly out, F9 (Flyball, 9S)
Bottom of the 8th over - 0 run(s), 0 hit(s), 0 error(s), 0 left on base; Detroit 1 - Indiana 0
TOP OF THE 9TH
Detroit X-Wings batting - Pitching for Indiana Hounds : RHP Teddy Mathews
Pitching: RHP Enrique Gómez
Batting: RHB Enrique Aguilar 0-0: Called Strike
0-1: Foul Ball, location: 2F
0-2: Foul Ball, location: 2F
0-2: Strikes out looking
Pitching: LHP Pedro Torres
Batting: LHB Sergio Luna 0-0: Swinging Strike
0-1: Called Strike
0-2: Ball
1-2: Ball
2-2: Ball
3-2: Strikes out swinging
Batting: RHB Domingo Ávila 0-0: Ball
1-0: Ball
2-0: Ball
3-0: Base on Balls
Batting: SHB Felipe Detorres 0-0: Called Strike
0-1: Ball
1-1: Ball
2-1: Fly out, F7 (Line Drive, 7)
Top of the 9th over - 0 run(s), 0 hit(s), 0 error(s), 1 left on base; Detroit 1 - Indiana 0
BOTTOM OF THE 9TH
Indiana Hounds batting - Pitching for Detroit X-Wings : RHP Jorge Gómez
Pitching: LHP Richard Dorris
Now at 2B: Albert Chávez
Pinch Hitting: RHB Rafael Herrera 0-0: Ball
1-0: Foul Ball, location: 2F
1-1: Ball
2-1: SINGLE (Line Drive, 7S)
Pinch Hitting: RHB Juan Brito 0-0: Called Strike
0-1: Bunted foul
0-2: Ball
1-2: Foul Ball, location: 2F
1-2: Foul Ball, location: 2F
1-2: Strikes out swinging
Batting: RHB Vicente Valentín 0-0: Foul Ball, location: 2F
0-1: Swinging Strike
0-2: Foul Ball, location: 2F
0-2: Foul Ball, location: 2F
0-2: Ball
1-2: Strikes out looking
Batting: RHB Carlos Moya 0-0: Ball
1-0: Ball
2-0: Ball
3-0: Called Strike
3-1: Called Strike
3-2: Base on Balls
Rafael Herrera to second
Batting: RHB Jeff Jones 0-0: Foul Ball, location: 2F
0-1: Foul Ball, location: 2F
0-2: Fly out, F2 (Popup, 2L)
Bottom of the 9th over - 0 run(s), 1 hit(s), 0 error(s), 2 left on base; Detroit 1 - Indiana 0
Thursday, March 30th, 2017 - OOTP Baseball 17.12 Build 75